 Dungeon Crawl Stone Soup version 0.30.1-11-g7821555f0a (webtiles) character file.

Game seed: 14097212916802855971

14 lonewolfV2 the Trooper (level 2, -1/27 HPs)
             Began as a Minotaur Fighter on Nov 14, 2023.
             Succumbed to a goblin's poison
             ... on level 1 of the Dungeon.
             The game lasted 00:00:33 (211 turns).

lonewolfV2 the Trooper (Minotaur Fighter)            Turns: 211, Time: 00:00:33

Health: -1/27      AC:  9    Str: 20    XL:     2   Next: 31%
Magic:  1/1        EV:  7    Int:  5    God:
Gold:   18         SH:  4    Dex:  9    Spells: 1/1 levels left

rFire   . . .        a - +0 war axe
rCold   . . .        c - +0 buckler
rNeg    . . .        f - +0 chain mail
rPois   .            (helmet restricted)
rElec   .            (no cloak)
rCorr   .            (no gloves)
SInv    .            (no boots)
Will    .....        (no amulet) Stlth
                     (no ring)
HPRegen 0.24/turn    (no ring)
MPRegen 0.07/turn

%: no passive effects
@: lethally poisoned (-1 -> -6)
A: horns 2, retaliatory headbutt
a: no special abilities


You were on level 1 of the Dungeon.
You visited 1 branch of the dungeon, and saw 1 of its levels.

You collected 18 gold pieces.

Inventory:

Hand Weapons
 a - a +0 war axe (weapon)
Armour
 b - a +0 scale mail
 c - a +0 buckler (worn)
 f - a +0 chain mail (worn)
Jewellery
 e - a ring of positive energy
Scrolls
 g - a scroll of summoning {unknown}
 h - a scroll of identify {unknown}
Potions
 d - a potion of might


   Skills:
 + Level 4.1 Fighting
 + Level 3.1 Axes
 - Level 3.6 Armour
 - Level 3.6 Shields


You had one spell level left.
You didn't know any spells.
Your spell library was empty.

Dungeon Overview and Level Annotations

Branches:
Dungeon (1/15)

Altars:


Innate Abilities, Weirdness & Mutations

You have a pair of horns on your head.
You reflexively headbutt those who attack you in melee.


Message History

The goblin hits you with a +1 dagger of venom.
You are lethally poisoned!
The jackal bites you but does no damage.
You closely miss the goblin. Your headbutt misses the goblin.
The goblin is heavily wounded.
You closely miss the jackal.
You feel very sick.
The jackal bites you but does no damage.
The goblin closely misses you. You furiously retaliate!
You headbutt the goblin.
You kill the goblin!
The jackal barely misses you.
* * * LOW HITPOINT WARNING * * *
You feel very sick.
The jackal bites you but does no damage. x2
The giant cockroach bites you but does no damage.
The jackal bites you.
* * * LOW HITPOINT WARNING * * *
You see here a +1 dagger of venom.
You barely miss the jackal. You headbutt the jackal.
The jackal is lightly wounded.
You hit the jackal.
You hit the giant cockroach but do no damage.
* * * LOW HITPOINT WARNING * * *
You feel very sick. The jackal barely misses you.
You block the giant cockroach's attack.
The jackal bites you but does no damage.
The jackal barely misses you. x2
The giant cockroach bites you but does no damage.
Okay, then.
You closely miss the jackal. Your headbutt misses the jackal.
You hit the jackal.
You kill the jackal!
You closely miss the giant cockroach.
* * * LOW HITPOINT WARNING * * *
You feel sick. The jackal bites you.
* * * LOW HITPOINT WARNING * * *
The giant cockroach closely misses you. You block the jackal's attack.
You closely miss the jackal. You barely miss the giant cockroach.
You die...

#.#.#.## ###.........
###...#># ###...........
#....##.###.............
........................
.....##....###..........
##.#.....### #......>...
##...###..# ##.........
...## ##.######.?.[....
##.. ......†@#######
#### ......Bh# ........#
........# ........#
........# ........#
........#


You could see a jackal and a giant cockroach.

Vanquished Creatures
  A dart slug (D:1)
  An endoplasm (D:1)
  A goblin (D:1)
  A hobgoblin (D:1)
  3 jackals (D:1)
  3 ball pythons (D:1)
  A rat (D:1)
11 creatures vanquished.

Notes
Turn   | Place    | Note
-------+----------+-------------------------------------------
     0 | D:1      | lonewolfV2 the Minotaur Fighter began the quest for the
                  | Orb.
     0 | D:1      | Reached XP level 1. HP: 19/19 MP: 0/0
   172 | D:1      | Reached skill level 4 in Fighting
   195 | D:1      | Reached XP level 2. HP: 27/27 MP: 1/1
   210 | D:1      | HP: 1/27 [jackal (1)]
   211 | D:1      | Succumbed to a goblin's poison

Illustrated notes

Levels and vault maps discovered:
D:1:      ncdulo_smallfort, layout_rooms, serial_corexii_hall,
          chequers_hall_statues_y, corexii_hall_statues_l

Skill      XL: |  1 |
---------------+----+-----
Fighting       | 4 |  4.1
Axes           | 3 |  3.1
Armour         | |  3.6
Shields        | |  3.6

Action                     || total
---------------------------++-------
  Melee: War axe           ||    30
         Headbutt          ||     3
 Armour: Chain mail        ||    25
         Scale mail        ||     1
  Dodge: Dodged            ||    16
  Block: Buckler           ||     8
